 Dungeon Crawl Stone Soup version 0.30-a0-141-g30f27751c5 (webtiles) character file.

Game seed: 9414439371680327503

2 porpoise the Sneak (level 1, -5/18 HPs)
             Began as a Demonspawn Delver on Sept 25, 2022.
             Killed from afar by an orc wizard (10 damage)
             ... with a puff of flame
             ... on level 5 of the Dungeon.
             The game lasted 00:00:27 (26 turns).

porpoise the Sneak (Demonspawn Delver)                Turns: 26, Time: 00:00:28

Health: -5/18      AC:  3    Str: 12    XL:     1   Next: 25%
Magic:  1/1        EV: 11    Int: 11    God:
Gold:   0          SH:  0    Dex: 14    Spells: 0/0 levels left

rFire   . . .      SeeInvis .    a - +0 spear
rCold   . . .      Faith    .    (no shield)
rNeg    . . .      Spirit   .    b - +0 leather armour
rPois   .          Reflect  .    (no helmet)
rElec   .          Harm     .    (no cloak)
rCorr   .          Rampage  .    (no gloves)
Will    .....                    (no boots)
Stlth   ++........               (no amulet)
HPRegen 0.06/turn                (no ring)
MPRegen 0.07/turn                (no ring)

@: no status effects
A: no striking features
a: no special abilities


You were on level 5 of the Dungeon.
You visited 1 branch of the dungeon, and saw 1 of its levels.

Inventory:

Hand Weapons
 a - a +0 spear (weapon)
Armour
 b - a +0 leather armour (worn)
Wands
 g - a wand of digging (3)
Scrolls
 c - a scroll of fog
 d - a scroll of magic mapping
 e - a scroll of fear
Potions
 f - a potion of haste


   Skills:
 - Level 3.0 Fighting
 + Level 1.8 Polearms
 - Level 1.7 Dodging
 + Level 4.5 Stealth


You couldn't memorise any spells.
You didn't know any spells.
Your spell library was empty.

Dungeon Overview and Level Annotations

Branches:
Dungeon (5/15)
 Temple: D:4-7

Altars:


Message History

The orc hits you with a +0 mace!
You barely miss the orc.
The orc shouts! x2
The orc barely misses you.
You hit the orc.
The orc is heavily wounded.
The orc hits you with a +0 mace.
The orc wizard casts a spell.
The orc wizard flickers and vanishes!
Deactivating autopickup; reactivate with Ctrl-A.
You closely miss the orc.
The orc is heavily wounded.
The orc barely misses you.
You closely miss the orc.
The orc is heavily wounded.
The orc barely misses you.
You hit the orc.
The orc is almost dead.
The orc completely misses you.
You hit the orc.
You kill the orc!
You hit something but do no damage.
You hear some strange, mumbled words.
You are confused.
Something hits you.
You bump into the rock wall.
Something hits you.
You hit something. Something hits you. Something hits you but does no damage.
You bump into the rock wall.
You feel less confused. Something hits you.
* * * LOW HITPOINT WARNING * * *
You miss something. Something hits you but does no damage.
You closely miss something. Something hits you but does no damage.
You miss something.
You hear some strange, mumbled words.
A puff of flame appears from out of thin air!
The puff of flame hits you!
Ouch! That really hurt!
You die...

#.#. ##..### ##....^##
##^.^(...##
#^^...>...##
....^.^.^^..##########
...^.....^..oo.oo....#
...........#{#######.#
.#.^.^..^..#@#
##.......####
##.....## ###.### #. #


You could see 2 orcs.

Vanquished Creatures
  An orc (D:5)
1 creature vanquished.

Notes
Turn   | Place    | Note
-------+----------+-------------------------------------------
     0 | D:5      | porpoise the Demonspawn Delver began the quest for the Orb.
     0 | D:5      | Reached XP level 1. HP: 18/18 MP: 1/1
     5 | D:5      | Noticed an orc wizard
    26 | D:5      | Killed from afar by an orc wizard

Illustrated notes

Levels and vault maps discovered:
D:5:      minmay_opposing_rooms, layout_loops_cross, minmay_temple_entry_glass,
          nicolae_wormholes

Action                   || total
-------------------------++-------
Melee: Spear             ||    11
Armor: Leather armour    ||     3
Dodge: Dodged            ||     4

Table legend: (Time is in decaauts)
 A = Elapsed time spent in this place.
 B = Non-inter-level travel time spent in this place.
 C = Inter-level travel time spent in this place.
 D = Time resting spent in this place.
 E = Time spent auto-exploring this place.
 F = Levels seen in this place.
 G = Mean time per level.
                   A        B        C        D        E       F      G
               +--------+--------+--------+--------+--------+-----+--------+
         Total |     26 |     26 |      0 |      0 |      0 |   1 |   26.0 |
       Dungeon |     26 |     26 |      0 |      0 |      0 |   1 |   26.0 |
               +--------+--------+--------+--------+--------+-----+--------+

Top non-repeatable levels by time:
     D:5: 26 daAuts
